 Dungeon Crawl Stone Soup version 0.26.1-2-gb8aa6d0cf2 (webtiles) character file.

Game seed: 688696453958767386

3181 Gadfly the Ducker (level 9, 0/49 HPs)
             Began as a Deep Elf Fire Elementalist on Feb 20, 2021.
             Was a Follower of Vehumet.
             Killed from afar by a white imp (7 damage)
             ... with a puff of frost
             ... on level 8 of the Dungeon.
             The game lasted 00:23:17 (10852 turns).

Gadfly the Ducker (Deep Elf Fire Elementalist)     Turns: 10852, Time: 00:23:18

Health: 0/49       AC:  6    Str:  5    XL:     9   Next: 63%
Magic:  14/19      EV: 16    Int: 24    God:    Vehumet [*.....]
Gold:   455        SH:  7    Dex: 15    Spells: 6/19 levels left

rFire    + + .     SeeInvis .   a - staff of conjuration
rCold    x . .     Faith    .   l - +2 buckler
rNeg     . . .     Spirit   .   h - +2 robe {rF+}
rPois    +         Reflect  .   k - +0 hat
rElec    .         Harm     .   (no cloak)
rCorr    .         Rampage  .   g - +0 pair of gloves
Will     .....                  n - +0 pair of boots
Stlth    ++........             o - amulet of magic regeneration
HPRegen  0.16/turn              p - ring of poison resistance
MPRegen  0.41/turn              j - ring of fire

@: very slightly contaminated
A: no striking features
a: Renounce Religion


You were on level 8 of the Dungeon.
You worshipped Vehumet.
Vehumet was aware of your devotion.
You visited 1 branch of the dungeon, and saw 8 of its levels.
You also visited: Sewer.

You collected 455 gold pieces.

Inventory:

Hand Weapons
 b - a +0 hand axe of electrocution
Armour
 g - a +0 pair of gloves (worn)
 h - a +2 robe of fire resistance (worn)
 k - a +0 hat (worn)
 l - a +2 buckler (worn)
 n - a +0 pair of boots (worn)
Magical Staves
 a - an uncursed staff of conjuration (weapon)
 r - an uncursed staff of earth
Jewellery
 e - an uncursed ring of flight
 j - a ring of fire (right hand)
 o - an amulet of magic regeneration (around neck)
 p - a ring of poison resistance (left hand)
Wands
 m - a wand of paralysis (5)
Scrolls
 d - a scroll of fear
 f - 2 scrolls of blinking
 i - 3 scrolls of remove curse
 t - a scroll of amnesia
 u - a scroll of fog
 v - 2 scrolls of teleportation
Potions
 c - 2 potions of curing
 q - a potion of berserk rage
 s - a potion of heal wounds


   Skills:
 + Level 2.7 Fighting
 * Level 6.7 Dodging
 - Level 2.4 Stealth
 - Level 4.9 Shields
 + Level 5.6 Spellcasting
 * Level 5.5 Conjurations
 * Level 5.1 Fire Magic
 * Level 5.5 Earth Magic
 * Level 5.5 Evocations


You had 6 spell levels left.
You knew the following spells:

 Your Spells              Type           Power        Failure   Level
a - Foxfire               Conj/Fire      100%         1%          1
b - Conjure Flame         Conj/Fire      64%          2%          3
c - Sticky Flame          Conj/Fire      64%          9%          4
d - Fireball              Conj/Fire      32%          26%         5

Your spell library contained the following spells:

 Spells                   Type           Power        Failure   Level
 Freeze                   Ice            24%          9%          1
 Dazzling Flash           Conj/Hex       60%          8%          3
 Corona                   Hex            6%           9%          1
 Inner Flame              Hex/Fire       28%          9%          3
 Ensorcelled Hibernation  Hex/Ice        12%          13%         2
 Confusing Touch          Hex            6%           26%         3
 Tukima's Dance           Hex            6%           26%         3


Dungeon Overview and Level Annotations

Branches:
Dungeon (8/15)             Temple (0/1) D:4           Sewer (visited)
   Lair: D:8-11

Altars:
Dithmenos
Okawaru
Sif Muna
Vehumet
Xom
Yredelemnul

Shops:
D:4 *   D:5 (   D:6 (

Annotations:
D:5 2 transporters, Dillybarz's ghost, novice BaFi


Message History

Aiming: Sticky Flame (dangerous; 9% risk of failure)
Press: ? - help, Shift-Dir - straight line, f - orc wizard
Aim: an orc wizard, wielding a +0 dagger and wearing a +0 robe (severely wounded, fast, 0% to evade)
You feel a strong surge of power!
You miscast Sticky Flame.
You are very lightly contaminated with residual magic.
Nothing appears to happen.
The orc wizard hits you but does no damage.
The orc wizard gestures at you while chanting.
The magic dart hits you!
* * * LOW HITPOINT WARNING * * *
The orc wizard closely misses you.
The orc wizard hits you with a +0 dagger.
* * * LOW HITPOINT WARNING * * *
The orc wizard hits you but does no damage.
Okay, then.
The orc wizard casts a spell.
The orc wizard blinks!
The white imp gestures at you. The puff of frost hits you!
You feel a terrible chill!
You die...

##..### ##.....##
####.......##
..#...........##
.............<.####
..........<.......#..#
.......#..........#.##
..... ##......†o...#
..... #.......@...#
..... ########...##
.....## #...##
......### ##5..#
.)..)((o######c..##
.)...###c..##o..##
....# ####.....# ...#
###..## ..# ##..#


You could see a centaur, an orc wizard (fast), a white imp and an orc.

Vanquished Creatures
  An ugly thing (D:7)
  Maggie (D:7)
  Sigmund (D:2)
  Eustachio (D:4)
  Duvessa (D:5)
  2 orc warriors
  An ice beast (D:7)
  A sky beast (D:5)
  An ogre (D:4)
  2 centaurs
  A big kobold (D:6)
  3 bullfrogs
  A gnoll sergeant (D:7)
  Dowan (D:5)
  A scorpion (D:5)
  3 killer bees (D:7)
  A centaur zombie (D:6)
  A centaur skeleton (D:6)
  A jelly (D:6)
  An orc priest (D:7)
  6 orc wizards
  Natasha (D:2)
  2 iguanas
  6 worker ants
  A hound skeleton (D:6)
  A howler monkey zombie (D:6)
  A worker ant zombie (D:5)
  16 adders
  4 gnolls (D:7)
  A white imp (D:8)
  2 ufetubi
  7 oozes
  An adder skeleton (D:5)
  6 worms
  3 dart slugs
  13 leopard geckos
  23 orcs
  8 ball pythons
  8 bats
  15 giant cockroaches
  6 goblins
  2 hobgoblins (D:2)
  6 jackals (D:3)
  7 kobolds
  4 quokkas
  14 frilled lizards
  5 rats
195 creatures vanquished.

Vanquished Creatures (others)
  929 foxfires
929 creatures vanquished.

Grand Total: 1124 creatures vanquished

Notes
Turn   | Place    | Note
-------+----------+-------------------------------------------
     0 | D:1      | Gadfly the Deep Elf Fire Elementalist began the quest for
                  | the Orb.
     0 | D:1      | Reached XP level 1. HP: 10/10 MP: 6/6
   550 | D:1      | Reached XP level 2. HP: 15/15 MP: 4/8
  1141 | D:2      | Reached skill level 1 in Earth Magic
  1327 | D:2      | Reached skill level 3 in Dodging
  1327 | D:2      | Reached skill level 1 in Evocations
  1327 | D:2      | Reached XP level 3. HP: 10/19 MP: 3/9
  1331 | D:2      | Learned a level 3 spell: Conjure Flame
  1523 | D:2      | Noticed Sigmund
  1949 | D:2      | Noticed Natasha
  1958 | D:2      | Killed Natasha
  1959 | D:2      | Reached XP level 4. HP: 24/24 MP: 2/10
  2352 | D:2      | Killed Sigmund
  2353 | D:2      | Reached skill level 1 in Fighting
  2353 | D:2      | Reached skill level 4 in Dodging
  2353 | D:2      | Reached XP level 5. HP: 29/29 MP: 0/12
  2558 | D:2      | Found a bloodstained altar of Trog.
  2561 | D:2      | Found a burning altar of Makhleb.
  2561 | D:2      | Found a hazy altar of Hepliaklqana.
  2565 | D:2      | Found a shimmering altar of Xom.
  2565 | D:2      | Found a white marble altar of Elyvilon.
  2565 | D:2      | Found a sparkling altar of Nemelex Xobeh.
  2669 | D:2      | Reached XP level 6. HP: 32/34 MP: 8/13
  2675 | D:2      | Learned a level 4 spell: Sticky Flame
  3599 | D:3      | Found a glowing drain.
  3614 | Sewer    | Entered a sewer
  4218 | Sewer    | Learned a level 5 spell: Fireball
  4666 | Sewer    | Reached XP level 7. HP: 27/38 MP: 10/15
  4877 | D:3      | Found a shimmering blue altar of Sif Muna.
  4877 | D:3      | Found a basalt altar of Yredelemnul.
  4899 | D:3      | Found a shimmering altar of Xom.
  4901 | D:3      | Found an iron altar of Okawaru.
  4903 | D:3      | Found a radiant altar of Vehumet.
  4908 | D:3      | Became a worshipper of Vehumet
  5321 | D:4      | Found a staircase to the Ecumenical Temple.
  5325 | D:4      | Noticed Eustachio
  5456 | D:4      | Killed Eustachio
  5492 | D:4      | Found Itzu's Lightly-Used Armoury.
  5651 | D:4      | Reached skill level 5 in Dodging
  6348 | D:5      | Entered Level 5 of the Dungeon
  6392 | D:5      | Found a transporter.
  6396 | D:5      | Found a transporter.
  6396 | D:5      | Noticed Dillybarz's ghost (novice BaFi)
  6401 | D:5      | Identified the +9 great mace of Suicidal Tendencies
                  | {vorpal, +Fly}
  6625 | D:5      | Found Naiskoer's Antique Weapon Shop.
  6644 | D:5      | Reached XP level 8. HP: 44/44 MP: 12/16
  7058 | D:5      | Noticed Duvessa
  7060 | D:5      | Noticed Dowan
  7242 | D:5      | Killed Duvessa
  7355 | D:5      | HP: 2/44 [something (11)]
  7358 | D:5      | Killed Dowan
  7667 | D:5      | You fall into a shaft and drop 2 floors!
  7728 | D:7      | Found a shadowy altar of Dithmenos.
  8569 | D:6      | Reached * piety under Vehumet
  8569 | D:6      | Offered knowledge of Freeze by Vehumet.
  8575 | D:6      | Reached skill level 5 in Spellcasting
  8662 | D:6      | Found Caceg's Antique Weapon Boutique.
  9415 | D:6      | Identified a scroll of acquirement
  9415 | D:6      | Acquired an uncursed staff of earth
  9430 | D:7      | Reached skill level 6 in Dodging
  9479 | D:7      | Reached skill level 5 in Earth Magic
  9487 | D:7      | Reached skill level 5 in Conjurations
  9492 | D:7      | HP: 2/45 [big kobold (2)]
  9499 | D:6      | Reached skill level 5 in Evocations
  9839 | D:7      | Reached XP level 9. HP: 46/49 MP: 15/19
  9895 | D:7      | Reached skill level 5 in Fire Magic
  9902 | D:7      | Reached skill level 1 in Shields
 10074 | D:7      | Noticed a red ugly thing
 10097 | D:7      | Killed a red ugly thing
 10317 | D:7      | Noticed Maggie
 10331 | D:7      | Killed Maggie
 10852 | D:8      | Killed from afar by a white imp

Illustrated notes

Levels and vault maps discovered:
D:1:      dpeg_arrival_water_temple_mockup, layout_basic,
          minmay_misc_feat_four_crosses
D:2:      layout_loops_ring, doesnt_xom_only_xom, uniq_natasha, uniq_sigmund
D:3:      layout_loops_ring, chequers_temple_overflow_minitemple,
          portal_sewer_entry_d
D:4:      layout_loops_cross, minmay_temple_entry_large_hall,
          minmay_shop_damaged, dk_vineyard_3, grunt_decor_mini_mirrors,
          uniq_eustachio
D:5:      layout_loops_corners, serial_shops, shop, gammafunk_ghost_smash,
          uniq_duvessa
D:6:      layout_cave_pods, serial_shops, shop_statue, minmay_small_thing
D:7:      layout_cave_pools, old_standard_altar, minmay_curled_crystal,
          minmay_misc_feat_alley, kennysheep_pointless_box, uniq_maggie
D:8:      layout_cave_pods, uniq_joseph

Skill      XL: |  1  2  3  4  5  6  7  8  9 |
---------------+----------------------------+-----
Earth Magic    | 1 2 3 4 5 |  5.5
Dodging        | 3 4 5 6 |  6.7
Evocations     | 1 2 3 4 5 |  5.5
Conjurations   | 2 3 4 5 |  5.5
Fighting       | 1 2 |  2.7
Spellcasting   | 4 5 |  5.6
Fire Magic     | 4 5 |  5.1
Shields        | 4 |  4.9
Stealth        | |  2.4

Action                   |  1- 3 |  4- 6 |  7- 9 || total
-------------------------+-------+-------+-------++-------
Melee: Short sword       |     7 |     3 |       ||    10
       Unarmed           |     1 |       |       ||     1
       Staff             |       |    12 |    39 ||    51
       Great mace        |       |       |     1 ||     1
       Hand axe          |       |       |    11 ||    11
 Cast: Foxfire           |    67 |   190 |   332 ||   589
       Sticky Flame      |       |     1 |    13 ||    14
       Fireball          |       |       |     2 ||     2
Evoke: Wand              |       |       |     3 ||     3
  Use: Scroll            |     4 |     3 |     8 ||    15
       Potion            |       |       |     7 ||     7
 Stab: Sleeping          |       |     1 |       ||     1
       Paralysed         |       |       |    11 ||    11
Armor: Robe              |     1 |    13 |    30 ||    44
       Skin              |     4 |       |       ||     4
Dodge: Dodged            |    13 |    33 |    89 ||   135
Block: Buckler           |       |       |     3 ||     3
